 Dungeon Crawl Stone Soup version 0.20-a0-434-g93bceec (webtiles) character file.

1769 HarryHood the Skirmisher (level 9, -2/57 HPs)
             Began as a Gargoyle Fighter on Jan 5, 2017.
             Was an Initiate of Qazlal.
             Slain by a killer bee (3 damage)
             ... on level 7 of the Dungeon.
             The game lasted 00:26:28 (7272 turns).

HarryHood the Skirmisher (Gargoyle Fighter)         Turns: 7272, Time: 00:26:29

Health: -2/57      AC: 18    Str: 24    XL:     9   Next: 7%
Magic:  11/11      EV:  6    Int: 13    God:    Qazlal [......]
Gold:   139        SH: 11    Dex: 17    Spells: 8/8 levels left

rFire  x . .     SeeInvis .     a - +0 flail
rCold  + . .     Gourm    .     w - +1 chain mail "Xicogonu" {rCorr}
rNeg   + . .     Faith    .     c - +0 shield
rPois  ∞         Spirit   .     b - +0 helmet
rElec  +         Reflect  .     (no cloak)
rCorr  +         Harm     .     (no gloves)
MR     .....     NoTele   +     (no boots)
Stlth  ..........               (no amulet)
                                (no ring)
                                u - ring "Cixoezieso" {Ice -Tele Str+4 Int+4 Dex+5}

@: no status effects
A: negative energy resistance 1, electricity resistance, unbreathing,
petrification resistance, rot immunity, AC +5
a: Renounce Religion


You were on level 7 of the Dungeon.
You worshipped Qazlal.
Qazlal was noncommittal.
You were not hungry.

You visited 2 branches of the dungeon, and saw 8 of its levels.

You collected 358 gold pieces.
You spent 219 gold pieces at shops.

Inventory:

Hand Weapons
 a - a +0 flail (weapon)
Armour
 b - a +0 helmet (worn)
 c - a +0 shield (worn)
 w - the +1 chain mail "Xicogonu" (worn) {rCorr}
   (You found it on level 5 of the Dungeon)

   It protects you from acid and corrosion.
Jewellery
 u - the ring "Cixoezieso" (left hand) {Ice -Tele Str+4 Int+4 Dex+5}
   (You bought it in a shop on level 5 of the Dungeon)

   [ring of ice]

   It enhances your ice magic.
   It affects your strength (+4).
   It affects your intelligence (+4).
   It affects your dexterity (+5).
   It makes you vulnerable to fire.
   It protects you from cold.
   It prevents most forms of teleportation.
Scrolls
 e - 3 scrolls of enchant weapon
 f - 6 scrolls of teleportation {@r0}
 i - 2 scrolls of immolation {!r}
 k - 6 scrolls of identify {@r1}
 l - a scroll of fog
 m - 6 scrolls of remove curse {@r2}
 n - 3 scrolls of fear
 p - 2 scrolls of recharging
 y - a scroll of enchant armour {unknown}
 A - a scroll of noise {unknown}
Potions
 d - 2 potions of might
 g - a potion of lignification {!q}
 s - 2 potions of curing {@q2}
 t - 2 potions of berserk rage
 v - 3 potions of flight
Books
 x - a book of Misfortune

   Spells                             Type                      Level
   a - Confusing Touch                Hexes                        1
   b - Confuse                        Hexes                        3
   c - Gell's Gravitas                Hexes/Translocation          3
   d - Petrify                        Transmutation/Earth          4
   e - Metabolic Englaciation         Hexes/Ice                    5
   f - Yara's Violent Unravelling     Hexes/Transmutation          5
Comestibles
 h - 7 meat rations {@e1}
 j - 5 bread rations {@e1}
 r - 2 beef jerkies {@e2}
 z - 2 fruits {@e2}


   Skills:
 * Level 7.2 Fighting
 - Level 6.2 Maces & Flails
 - Level 6.0 Armour
 - Level 6.3 Shields
 + Level 3.6 Invocations


You had 8 spell levels left.
You didn't know any spells.

Dungeon Overview and Level Annotations

Branches:
Dungeon (7/15)             Temple (1/1) D:6

Altars:
Cheibriados
Elyvilon
Gozag
Hepliaklqana
Makhleb
Nemelex Xobeh
Okawaru
Qazlal
Sif Muna
Trog
Uskayaw
Vehumet
Xom
Yredelemnul
Zin
The Shining One

Shops:
D:4 ?   D:5 *


Innate Abilities, Weirdness & Mutations

You are resistant to torment.
Your stone body is resilient. (AC +5)
You are immune to poison.
You resist negative energy. (rN+)
You are resistant to electric shocks. (rElec)
You can survive without breathing.
You are immune to petrification.
You are immune to rotting.


Message History

The killer bee stings you but does no damage.
The killer bee closely misses you.
The killer bee stings you but does no damage.
The iguana hisses menacingly.
The killer bee stings you but does no damage. x3
You closely miss the killer bee.
The killer bee stings you but does no damage.
You block the killer bee's attack. x2; The killer bee barely misses you.
The killer bee stings you but does no damage.
The killer bee stings you.
* * * LOW HITPOINT WARNING * * *
The killer bee stings you.
* * * LOW HITPOINT WARNING * * *
You hit the killer bee.
The killer bee is moderately wounded.
The killer bee stings you but does no damage.
You block the killer bee's attack.
The killer bee stings you but does no damage. x2
The killer bee completely misses you. The killer bee stings you.
You die...

## #.......# # .# #<......# # .#
#.......####################
.#####............#..............
..................#....#........<
..................#....#.........
................l.#....#.........
...............yyy##'###.....####
.............###@#...........#..#
########.....#...#.....^.....'..#
#...#.....#...#...........#...
#..†'.....##'##...........####
#####'##.....#..###'#######......
.#.##.y#.....#............#......
yyy....#.....#............#......
.#.....#.....#............#......
.#..####.....#.###.########......


You could see an iguana and 3 killer bees.

Vanquished Creatures
  A water moccasin (D:7)
  An ice beast (D:3)
  A sky beast (D:7)
  4 ogres
  A centaur (D:6)
  A necrophage (D:6)
  2 bullfrogs
  A scorpion (D:5)
  3 killer bees (D:7)
  2 crimson imps
  A bullfrog zombie (D:5)
  A centaur zombie (D:7)
  2 hounds
  2 orc priests (D:7)
  2 bullfrog skeletons
  4 orc wizards
  A hound zombie (D:7)
  6 gnolls (D:4)
  3 adders
  A river rat (D:5)
  2 shadow imps
  2 oozes
  3 worms
  A dart slug (D:1)
  6 leopard geckos
  14 orcs
  9 bats
  10 giant cockroaches
  10 goblins
  9 hobgoblins
  4 jackals (D:3)
  7 kobolds
  4 quokkas
  10 frilled lizards
  A jackal skeleton (D:5)
  7 rats
139 creatures vanquished.

Notes
Turn   | Place    | Note
-------+----------+-------------------------------------------
     0 | D:1      | HarryHood the Gargoyle Fighter began the quest for the Orb.
     0 | D:1      | Reached XP level 1. HP: 14/14 MP: 1/1
   133 | D:1      | Reached XP level 2. HP: 14/20 MP: 2/2
   287 | D:1      | Reached skill level 4 in Fighting
   705 | D:1      | Reached XP level 3. HP: 24/24 MP: 3/3
  1296 | D:2      | Reached skill level 5 in Fighting
  1383 | D:2      | Reached XP level 4. HP: 30/31 MP: 4/4
  2673 | D:3      | Reached skill level 6 in Fighting
  2840 | D:3      | Noticed an ice beast
  2851 | D:3      | HP: 3/32 [ice beast (10)]
  2854 | D:3      | Killed an ice beast
  2854 | D:3      | Reached skill level 3 in Maces & Flails
  2854 | D:3      | Reached XP level 5. HP: 4/36 MP: 5/5
  3364 | D:4      | Reached skill level 4 in Maces & Flails
  3364 | D:4      | Reached XP level 6. HP: 40/41 MP: 6/6
  3610 | D:4      | Found Ofedweh's Magic Scroll Boutique.
  3638 | D:4      | Bought a scroll of identify for 26 gold pieces
  3638 | D:4      | Bought a scroll of identify for 26 gold pieces
  3638 | D:4      | Bought 2 scrolls of identify for 52 gold pieces
  4389 | D:5      | Entered Level 5 of the Dungeon
  4402 | D:5      | Reached skill level 5 in Maces & Flails
  4455 | D:5      | Reached XP level 7. HP: 33/46 MP: 7/7
  4593 | D:5      | Got a translucent chain mail
  4602 | D:5      | Identified the +1 chain mail "Xicogonu" {rCorr} (You found it on level 5 of the Dungeon)
  4735 | D:5      | Reached skill level 6 in Maces & Flails
  5127 | D:5      | Found Hungoil's Assorted Antiques.
  5152 | D:5      | Bought a smoking silver ring for 115 gold pieces
  5235 | D:5      | Reached skill level 4 in Shields
  5261 | D:5      | Identified the ring "Cixoezieso" {Ice -Tele Str+4 Int+4 Dex+5} (You bought it in a shop on level 5 of the Dungeon)
  5678 | D:6      | Reached skill level 5 in Shields
  5882 | D:6      | Reached skill level 6 in Shields
  5882 | D:6      | Reached XP level 8. HP: 31/51 MP: 8/8
  5959 | D:6      | Found a staircase to the Ecumenical Temple.
  5970 | Temple   | Entered the Ecumenical Temple
  6015 | Temple   | Became a worshipper of Qazlal Stormbringer
  6173 | D:6      | Reached skill level 4 in Armour
  6309 | D:6      | Found a burning altar of Makhleb.
  6483 | D:7      | Reached skill level 5 in Armour
  6483 | D:7      | Reached skill level 1 in Invocations
  6772 | D:7      | Reached skill level 2 in Invocations
  6837 | D:7      | Reached skill level 6 in Armour
  7242 | D:7      | Reached skill level 3 in Invocations
  7244 | D:7      | Reached XP level 9. HP: 21/56 MP: 11/11
  7255 | D:7      | Reached skill level 7 in Fighting
  7271 | D:7      | HP: 1/57 [killer bee (5)]
  7272 | D:7      | Slain by a killer bee

Vault maps used:
D:1:      shiori_arrival_maze
D:3:      lemuel_upstairs_altar
D:4:      serial_shops, nicolae_shop_waterfront
D:5:      portal_sewer_entry_a, serial_shops, nicolae_shop_waterfront,
          first_bread
D:6:      bloody_makhleb
Temple:   regret_index_temple_sigil_plot

Skill      XL: |  1  2  3  4  5  6  7  8  9 |
---------------+----------------------------+-----
Fighting       | 4 5 6 7 |  7.2
Maces & Flails | 3 4 5 6 |  6.2
Shields        | 6 |  6.3
Armour         | 6 |  6.0
Invocations    | 3 |  3.6

Action                   |  1- 3 |  4- 6 |  7- 9 || total
-------------------------+-------+-------+-------++-------
Melee: Flail             |   151 |   243 |   277 ||   671
  Use: Scroll            |     3 |    11 |     5 ||    19
       Potion            |       |       |     3 ||     3
  Eat: Bread ration      |     1 |       |       ||     1
       Chunk             |       |     4 |     8 ||    12
       Meat ration       |       |     1 |       ||     1
Armor: Scale mail        |    32 |       |       ||    32
       Chain mail        |    78 |   174 |   241 ||   493
Dodge: Dodged            |    44 |    37 |    92 ||   173
Block: Shield            |    85 |   122 |   224 ||   431
